 Dungeon Crawl Stone Soup version 0.31-a0-702-gf82c85558f (webtiles) character file.

Game seed: 15866636810042638851

35 qw the Shooter (level 3, -7/22 HPs)
             Began as a Gargoyle Hunter on Sept 7, 2023.
             Mangled by Terence
             ... wielding a +5 heavy hand axe
              (8 damage)
             ... on level 2 of the Dungeon.
             The game lasted 00:00:21 (866 turns).

qw the Shooter (Gargoyle Hunter)                     Turns: 866, Time: 00:00:21

Health: -7/22      AC:  8    Str: 14      XL:     3   Next: 33%
Magic:  3/3        EV: 10    Int:  8 (9)  God:
Gold:   74         SH:  0    Dex: 15      Spells: 2/2 levels left

rFire   . . .        Y - +0 shortbow
rCold   . . .        (shield currently unavailable)
rNeg    + . .        f - +0 ring mail
rPois   inf          (no helmet)
rElec   +            (no cloak)
rCorr   .            (no gloves)
SInv    .            (no boots)
Will    .....        (no amulet)
Stlth   +            (no ring)
HPRegen 0.23/turn    (no ring)
MPRegen 0.08/turn

%: no passive effects
@: no status effects
A: sickness immunity, AC +3, negative energy resistance 1, electricity
resistance, torment resistance 1, petrification resistance, deterioration 1
a: no special abilities


You were on level 2 of the Dungeon.
You visited 1 branch of the dungeon, and saw 2 of its levels.

You collected 74 gold pieces.


Innate Abilities, Weirdness & Mutations

You are immune to sickness and miasma.
Your stone body is resilient. (AC +3)
You are immune to poison.
You resist negative energy. (rN+)
You are resistant to electric shocks. (rElec)
You are resistant to unholy torment.
You are immune to petrification.
Your body sometimes deteriorates upon taking damage.


   Skills:
 - Level 2.4 Fighting
 - Level 5.0 Ranged Weapons
 + Level 0.0 Armour
 - Level 1.5 Dodging
 - Level 1.1 Stealth


You had 2 spell levels left.
You didn't know any spells.
Your spell library was empty.

Inventory:

Hand Weapons
 Y - a +0 shortbow (weapon)
Armour
 f - a +0 ring mail (worn)
Potions
 g - a potion of mutation
 h - a potion of might {unknown}
 j - a potion of heal wounds {unknown}

Dungeon Overview and Level Annotations

Branches:
Dungeon (2/15)

Altars:

Annotations:
D:2 Terence


Message History

There is an open door here.
There is an open door here.
You feel your willpower return.
There is a stone staircase leading down here.
You climb downwards.
There is a stone staircase leading up here.
A kobold is nearby!
Waypoint 1 assigned to D:2.
You shoot an arrow. The arrow hits the kobold.
You kill the kobold!
Terence the Incautious comes into view.
He is wielding a +5 heavy hand axe.
You shoot an arrow. The arrow closely misses Terence.
Terence shouts, "Now you die!"
You shoot an arrow.
The arrow hits Terence but does no damage.
You shoot an arrow.
The arrow hits Terence but does no damage.
Terence closely misses you.
You shoot an arrow. The arrow barely misses Terence.
Terence hits you with a +5 heavy hand axe.
Your body deteriorates!
You feel dopey.
You shoot an arrow. The arrow barely misses Terence.
Terence hits you with a +5 heavy hand axe.
You shoot an arrow. The arrow hits Terence.
Terence is moderately wounded.
Terence hits you with a +5 heavy hand axe.
You shoot an arrow. The arrow hits Terence!
Terence is severely wounded.
Terence hits you with a +5 heavy hand axe.
You shoot an arrow. The arrow completely misses Terence.
You shoot an arrow.
The arrow hits Terence but does no damage.
Terence is severely wounded.
Terence barely misses you.
You shoot an arrow. The arrow barely misses Terence.
Terence hits you with a +5 heavy hand axe!
You shoot an arrow.
The arrow hits Terence but does no damage.
Terence is severely wounded.
Terence hits you with a +5 heavy hand axe!
You die...

#####
####...##
#......)#
##....#
#..<.@#
#.###@# #
..# ##..
#.#.
#.#.# #..
. ... ..


You could see Terence.

Vanquished Creatures
  A dart slug (D:1)
  3 ball pythons (D:1)
  2 endoplasms (D:1)
  2 giant cockroaches (D:1)
  2 goblins (D:1)
  4 hobgoblins (D:1)
  6 kobolds
  5 quokkas (D:1)
  A bat (D:1)
  3 rats (D:1)
29 creatures vanquished.

Notes
Turn   | Place    | Note
-------+----------+-------------------------------------------
     0 | D:1      | qw the Gargoyle Hunter began the quest for the Orb.
     0 | D:1      | Reached XP level 1. HP: 12/12 MP: 1/1
     0 | D:1      | 0 ||| qw: Version: 0.3-a-76-g4403597
     0 | D:1      | 0 ||| qw: Game counter: 880
     0 | D:1      | 0 ||| qw: Melee chars always use a shield: true
     0 | D:1      | 0 ||| qw: God list: Okawaru
     0 | D:1      | 0 ||| qw: Allow faded altars: false
     0 | D:1      | 0 ||| qw: Do Orc after clearing Dungeon:15 true
     0 | D:1      | 0 ||| qw: Do second Lair branch before Depths: true
     0 | D:1      | 0 ||| qw: Lair rune preference: random
     0 | D:1      | 0 ||| qw: Goals: Normal
     0 | D:1      | 0 ||| PLANNING D:1-11
   218 | D:1      | Reached XP level 2. HP: 17/17 MP: 2/2
   239 | D:1      | Found a faded altar of an unknown god.
   440 | D:1      | Reached XP level 3. HP: 21/21 MP: 3/3
   466 | D:1      | Reached skill level 5 in Ranged Weapons
   789 | D:1      | 789 ||| UPGRADING to +0 ring mail.
   799 | D:1      | 799 ||| DROPPING +0 leather armour.
   800 | D:1      | 800 ||| READING scroll labelled CAQERPHUTAU.
   801 | D:1      | 801 ||| READING scroll labelled XALAJUSESUL.
   802 | D:1      | 802 ||| READING scroll labelled VADWUZX UTIEGG.
   803 | D:1      | 803 ||| DRINKING 2 brown potions.
   803 | D:1      | Gained mutation: Your body sometimes deteriorates upon
                  | taking damage. [potion of mutation]
   804 | D:1      | 804 ||| DROPPING scroll of butterflies.
   854 | D:2      | Noticed Terence
   865 | D:2      | HP: 1/22 [Terence/+5 heavy hand axe (8)]
   866 | D:2      | Mangled by Terence

Levels and vault maps discovered:
D:1:      scummos_arrival_gate, layout_basic, shapermc_ecumenical_altar_pompeii,
          minmay_bisected
D:2:      minmay_skewed_foursquare, layout_basic, uniq_sigmund, uniq_terence

Skill      XL: |  1  2  3 |
---------------+----------+-----
Ranged Weapons | 5 |  5.0
Fighting       | |  2.4
Dodging        | |  1.5
Stealth        | |  1.1

Action                     || total
---------------------------++-------
   Fire: Shortbow          ||    88
    Use: Scroll            ||     3
         Potion            ||     1
 Armour: Leather armour    ||    14
         Ring mail         ||     6
  Dodge: Dodged            ||    18

Table legend:
 A = Non-vault XP
 B = Vault XP
 C = Vault XP percentage of total XP
 D = Non-vault monster count
 E = Vault monster count
 F = Vault count percentage of total count
                 A         B        C        D         E       F
            +---------+---------+-------+---------+---------+-------
      Total |      44 |       6 |  12.0 |      25 |       4 |  13.8
            +---------+---------+-------+---------+---------+-------
        D:1 |      43 |       6 |  12.2 |      24 |       4 |  14.3
        D:2 |       1 |       0 |   0.0 |       1 |       0 |   0.0
            +---------+---------+-------+---------+---------+-------
